General information
- name: BNet
- type: Ladder 1vs1/FFA
- host: Battle.net
- saver: fineX.
map: TwistedMeadows
- players: 2
- length: 08:47
- speed: Fast
- version: 1.21 W3XP
- replay type: Public
» download(23 KB)
Players
team 1 (loser)

»
clownstyle (
orange | 29 APM | 250 actions | 08:45)
2 Death Knight
1 Death Coil
1 Unholy Aura
» actions
| Build / train | 29 | |
| Enter build submenu | 6 | |
| Enter hero's abilities submenu | 2 | |
| Remove unit from queue | 1 | |
| Right click | 100 | |
| Select / deselect | 93 | |
| Use ability | 19 | |
250 total
» units
| Acolyte | 5 | |
| Ghoul | 10 | |
| Gargoyle | 4 | |
| Crypt Fiend | 1 | |
20 total
» buildings
| Crypt | 1 | |
| Ziggurat | 2 | |
| Altar of Darkness | 1 | |
| Nerubian Tower | 2 | |
| Halls of the Dead | 1 | |
| Graveyard | 1 | |
| Tomb of Relics | 1 | |
9 total
» build order
00:10 Crypt
00:15 Ziggurat
00:45 Altar of Darkness
01:07 Ziggurat
02:06 Nerubian Tower
02:33 Halls of the Dead
02:35 Nerubian Tower
02:59 Nerubian Tower
04:48 Graveyard
04:56 Tomb of Relics
» items
| Potion of Healing | 1 | |
| Rod of Necromancy | 1 | |
2 total
team 2 (winner)
fineX. (
blue | 74 APM | 654 actions | 08:47)
2 Far Seer
1 Feral Spirit
1 Chain Lighting
» actions
| Assign group hotkey | 18 | |
| Build / train | 20 | |
| Enter build submenu | 17 | |
| Enter hero's abilities submenu | 2 | |
| Right click | 383 | |
| Select / deselect | 132 | |
| Select group hotkey | 47 | |
| Use ability | 35 | |
654 total
» units
» buildings
| Altar of Storms | 1 | |
| Orc Burrow | 3 | |
| Barracks | 2 | |
| War Mill | 1 | |
| Voodoo Lounge | 1 | |
| Watch Tower | 7 | |
| Stronghold | 1 | |
16 total
» build order
00:04 Altar of Storms
00:07 Orc Burrow
00:36 Barracks
01:32 Orc Burrow
02:30 Barracks
03:14 Orc Burrow
03:22 War Mill
03:46 Voodoo Lounge
06:06 Watch Tower
06:07 Watch Tower
06:07 Watch Tower
06:35 Watch Tower
07:16 Watch Tower
07:17 Watch Tower
07:25 Stronghold
08:18 Watch Tower
» items
| Healing Salve | 2 | |
| Lesser Clarity Potion | 2 | |
| Scroll of Speed | 1 | |
5 total
Chat log
(00:17 / All) fineX.: gg gl hf